| TOP OF THE 1ST |
|
Toronto Blue Jays batting - Pitching for Houston Astros : LHP Blake Snell
|
|
Pitching: LHP Blake Snell
|
|
|
Batting: SHB Maake Arnold
|
0-0: Ball 1-0: Swinging Strike 1-1: Ball 2-1: Foul Ball, location: 2F 2-2: Ball 3-2: Strikes out swinging
|
|
Batting: RHB Yohel Pozo
|
0-0: Foul Ball, location: 2RF 0-1: Ball 1-1: Ball 2-1: Called Strike 2-2: Ball 3-2: SINGLE (Line Drive, 89M, EV 107.5 MPH)
|
|
Batting: RHB Anthony Rendon
|
0-0: Foul Ball, location: 9LMF 0-1: Fielders Choice at 2nd, 6-4 (Groundball, 6, EV 85.6 MPH)
|
|
Batting: RHB C.J. Cron
|
0-0: Called Strike 0-1: Called Strike 0-2: Strikes out swinging
|
| Top of the 1st over - 0 runs, 1 hit, 0 errors, 1 left on base; Toronto 0 - Houston 0 |
| BOTTOM OF THE 1ST |
|
Houston Astros batting - Pitching for Toronto Blue Jays : LHP Madison Bumgarner
|
|
Pitching: LHP Madison Bumgarner
|
|
|
Batting: RHB Lane Thomas
|
0-0: Foul Ball, location: 2F 0-1: Foul Ball, location: 2F 0-2: Fly out, F7 (Flyball, 78S, EV 90.6 MPH)
|
|
Batting: RHB Starlin Castro
|
0-0: Called Strike 0-1: Ball 1-1: Ground out 6-3 (Groundball, 6, EV 85.6 MPH)
|
|
Batting: LHB Devin Jones
|
0-0: Ball 1-0: Fly out, F8 (Flyball, 8LM, EV 82.5 MPH)
|
| Bottom of the 1st over - 0 runs, 0 hits, 0 errors, 0 left on base; Toronto 0 - Houston 0 |
| TOP OF THE 2ND |
|
Toronto Blue Jays batting - Pitching for Houston Astros : LHP Blake Snell
|
|
Batting: LHB Rintaro Ikeda
|
0-0: Swinging Strike 0-1: Ball 1-1: Foul Ball, location: 7LSF 1-2: Foul Ball, location: 3FF 1-2: Strikes out swinging
|
|
Batting: LHB Nick Gordon
|
0-0: Called Strike 0-1: Foul Ball, location: 2LF 0-2: Ball 1-2: Strikes out looking
|
|
Batting: LHB Alfredo Salinas
|
0-0: Ball 1-0: Fly out, F7 (Flyball, 78D, EV 83.8 MPH)
|
| Top of the 2nd over - 0 runs, 0 hits, 0 errors, 0 left on base; Toronto 0 - Houston 0 |
| BOTTOM OF THE 2ND |
|
Houston Astros batting - Pitching for Toronto Blue Jays : LHP Madison Bumgarner
|
|
Batting: LHB Claude Spears
|
0-0: Ball 1-0: SINGLE (Groundball, 4MS, EV 66.9 MPH) (infield hit)
|
|
Batting: LHB Steve McGuire
|
0-0: Called Strike 0-1: SINGLE (Groundball, 34D, EV 106.9 MPH) Claude Spears to second Runner from 2nd tries for 3rd, SAFE, throw by RF made to third Steve McGuire to second
|
|
Batting: RHB Eric Holman
|
0-0: Called Strike 0-1: Foul Ball, location: 25F 0-2: Foul Ball, location: 5SF 0-2: Ground out 3-1 (Groundball, 13, EV 90.6 MPH)
|
|
Batting: RHB Josh Damron
|
0-0: Ball 1-0: Fly out, F8 (Flyball, 78M, EV 95.0 MPH) Runner from 3rd tags up, SCORES, throw by CF Steve McGuire to third
|
|
Batting: RHB Bernard Antonelli
|
0-0: Swinging Strike 0-1: Fly out, F4 (Line Drive, 4MD, EV 71.3 MPH)
|
| Bottom of the 2nd over - 1 run, 2 hits, 0 errors, 1 left on base; Toronto 0 - Houston 1 |
| TOP OF THE 3RD |
|
Toronto Blue Jays batting - Pitching for Houston Astros : LHP Blake Snell
|
|
Batting: RHB Josh Morgan
|
0-0: Foul Ball, location: 5FF 0-1: Ball 1-1: Ball 2-1: Ball 3-1: Base on Balls
|
|
Batting: LHB Rob Holt
|
0-0: Called Strike 0-1: Called Strike 0-2: Foul Ball, location: 2F 0-2: Ball 1-2: Fielders Choice at 2nd, 3-6 (Groundball, 34, EV 93.1 MPH)
|
|
Batting: SHB Maake Arnold
|
0-0: Ball 1-0: Called Strike 1-1: Ball 2-1: Ball Balk! Rob Holt to second 3-1: Base on Balls
|
|
Pitching: RHP Elroy Smith
|
|
|
Batting: RHB Yohel Pozo
|
0-0: Called Strike 0-1: Ball 1-1: Ball 2-1: Foul Ball, location: 2F 2-2: Foul Ball, location: 2F 2-2: Fly out, F8 (Flyball, 89D, EV 110.0 MPH)
|
|
Batting: RHB Anthony Rendon
|
0-0: Ball 1-0: SINGLE (Line Drive, 9LM, EV 100.6 MPH) Rob Holt to third Maake Arnold to second Runner from 3rd tries for Home, SAFE, throw by RF to home Maake Arnold to third Anthony Rendon to second
|
|
Batting: RHB C.J. Cron
|
0-0: Called Strike 0-1: Foul Ball, location: 3F 0-2: Ball 1-2: Ball 2-2: Strikes out swinging
|
| Top of the 3rd over - 1 run, 1 hit, 0 errors, 2 left on base; Toronto 1 - Houston 1 |
| BOTTOM OF THE 3RD |
|
Houston Astros batting - Pitching for Toronto Blue Jays : LHP Madison Bumgarner
|
|
Batting: RHB Ed van Zandvliet
|
0-0: Called Strike 0-1: Foul Ball, location: 2F 0-2: Strikes out swinging
|
|
Batting: RHB Lane Thomas
|
0-0: Called Strike 0-1: Foul Ball, location: 5FF 0-2: Strikes out swinging
|
|
Batting: RHB Starlin Castro
|
0-0: Called Strike 0-1: Ball 1-1: Fly out, F4 (Popup, 34S, EV 82.5 MPH)
|
| Bottom of the 3rd over - 0 runs, 0 hits, 0 errors, 0 left on base; Toronto 1 - Houston 1 |
| TOP OF THE 4TH |
|
Toronto Blue Jays batting - Pitching for Houston Astros : RHP Elroy Smith
|
|
Batting: LHB Rintaro Ikeda
|
0-0: Called Strike 0-1: Fly out, F9 (Flyball, 9, EV 91.3 MPH)
|
|
Batting: LHB Nick Gordon
|
0-0: Called Strike 0-1: Foul Ball, location: 7LMF 0-2: Strikes out looking
|
|
Batting: LHB Alfredo Salinas
|
0-0: Ball 1-0: SOLO HOME RUN (Flyball, 7D, EV 102.5 MPH), Distance : 407 ft
|
|
Batting: RHB Josh Morgan
|
0-0: Ball 1-0: Ball 2-0: Called Strike 2-1: Ground out 6-3 (Groundball, 56, EV 103.1 MPH)
|
| Top of the 4th over - 1 run, 1 hit, 0 errors, 0 left on base; Toronto 2 - Houston 1 |
| BOTTOM OF THE 4TH |
|
Houston Astros batting - Pitching for Toronto Blue Jays : LHP Madison Bumgarner
|
|
Batting: LHB Devin Jones
|
0-0: SOLO HOME RUN (Flyball, 9D, EV 100.6 MPH), Distance : 374 ft
|
|
Batting: LHB Claude Spears
|
0-0: Ground out 6-3 (Groundball, 4M, EV 86.9 MPH)
|
|
Batting: LHB Steve McGuire
|
0-0: Called Strike 0-1: Ball 1-1: Foul Ball, location: 9LSF 1-2: Ball 2-2: Strikes out swinging
|
|
Batting: RHB Eric Holman
|
0-0: Ball 1-0: Foul Ball, location: 9LMF 1-1: Ball 2-1: Swinging Strike 2-2: Ball 3-2: Ground out 6-3 (Groundball, 6, EV 101.3 MPH)
|
| Bottom of the 4th over - 1 run, 1 hit, 0 errors, 0 left on base; Toronto 2 - Houston 2 |
| TOP OF THE 5TH |
|
Toronto Blue Jays batting - Pitching for Houston Astros : RHP Elroy Smith
|
|
Now at 1B: Tyrone Ibarra
|
|
|
Now at 2B: U-suk Ok
|
|
|
Now in CF: Steve Walker
|
|
|
Batting: LHB Rob Holt
|
0-0: Called Strike 0-1: Foul Ball, location: 9LMF 0-2: Ball 1-2: Foul Ball, location: 2F 1-2: Ground out 4-3 (Groundball, 4, EV 100.6 MPH)
|
|
Batting: SHB Maake Arnold
|
0-0: Called Strike 0-1: Ball 1-1: Ball 2-1: Foul Ball, location: 23FF 2-2: Ground out 6-3 (Groundball, 56, EV 85.0 MPH)
|
|
Batting: RHB Yohel Pozo
|
0-0: Ball 1-0: Foul Ball, location: 7LMF 1-1: Ball 2-1: Called Strike 2-2: Ball 3-2: Base on Balls
|
|
Batting: RHB Anthony Rendon
|
|
|
Pinch Hitting: RHB Darrell Hall
|
0-0: Ball 1-0: Swinging Strike 1-1: Fly out, F9 (Flyball, 89S, EV 100.0 MPH)
|
| Top of the 5th over - 0 runs, 0 hits, 0 errors, 1 left on base; Toronto 2 - Houston 2 |
| BOTTOM OF THE 5TH |
|
Houston Astros batting - Pitching for Toronto Blue Jays : LHP Madison Bumgarner
|
|
Pitching: RHP Shigochiyo Ohayashi
|
|
|
Now at C: Erick Castillo
|
|
|
Now at 1B: Jonathan Fremlin
|
|
|
Now at 3B: Darrell Hall
|
|
|
Batting: RHB Josh Damron
|
0-0: Ball 1-0: Ball 2-0: Called Strike 2-1: Ball 3-1: Foul Ball, location: 25FF 3-2: Foul Ball, location: 9LDF 3-2: Ground out 4-3 (Groundball, 6M, EV 83.8 MPH)
|
|
Batting: RHB Bernard Antonelli
|
0-0: Ball 1-0: Fly out, F9 (Flyball, 9D, EV 98.8 MPH)
|
|
Batting: RHB Ed van Zandvliet
|
0-0: Ground out U3 (Groundball, 34, EV 98.1 MPH)
|
| Bottom of the 5th over - 0 runs, 0 hits, 0 errors, 0 left on base; Toronto 2 - Houston 2 |
| TOP OF THE 6TH |
|
Toronto Blue Jays batting - Pitching for Houston Astros : RHP Elroy Smith
|
|
Pitching: RHP Juan Bernard
|
|
|
Batting: LHB Álex Guiñónes
|
0-0: Foul Ball, location: 2F 0-1: Foul Ball, location: 3F 0-2: Foul Ball, location: 2F 0-2: Foul Ball, location: 5SF 0-2: Foul Ball, location: 3SF 0-2: Ball 1-2: Strikes out swinging, 2-3 out at first.
|
|
Batting: RHB Jonathan Fremlin
|
0-0: Ball 1-0: Called Strike 1-1: Called Strike 1-2: Foul Ball, location: 5F 1-2: Ball 2-2: Ball 3-2: SINGLE (Groundball, 4MD, EV 101.9 MPH)
|
|
Batting: LHB Nick Gordon
|
0-0: Ball 1-0: Ball 2-0: Foul Ball, location: 2F 2-1: Ball 3-1: Fielders Choice at 2nd, 4-6 (Groundball, 4, EV 85.0 MPH)
|
|
Pinch Hitting: LHB José Ruíz
|
0-0: Ball Nick Gordon steals 2nd base (no throw) 1-0: Called Strike 1-1: Ball 2-1: Ball 3-1: Called Strike 3-2: Foul Ball, location: 7LSF 3-2: Strikes out swinging
|
| Top of the 6th over - 0 runs, 1 hit, 0 errors, 1 left on base; Toronto 2 - Houston 2 |
| BOTTOM OF THE 6TH |
|
Houston Astros batting - Pitching for Toronto Blue Jays : RHP Shigochiyo Ohayashi
|
|
Pitching: RHP Chris Mason
|
|
|
Now in LF: José Ruíz
|
|
|
Now in CF: Rob Holt
|
|
|
Now in RF: Gabriel Guerrero
|
|
|
Pinch Hitting: LHB Jonathan Jacobson
|
0-0: Ball 1-0: Swinging Strike 1-1: Ball 2-1: Ground out 4-3 (Groundball, 4, EV 96.3 MPH)
|
|
Batting: RHB U-suk Ok
|
0-0: Ball 1-0: Swinging Strike 1-1: Foul Ball, location: 7LDF 1-2: Ball 2-2: Ground out 5-3 (Groundball, 56S, EV 91.3 MPH)
|
|
Batting: SHB Jeff Lowery
|
0-0: Swinging Strike 0-1: Ball 1-1: Fly out, F8 (Flyball, 8RM, EV 88.1 MPH)
|
| Bottom of the 6th over - 0 runs, 0 hits, 0 errors, 0 left on base; Toronto 2 - Houston 2 |
| TOP OF THE 7TH |
|
Toronto Blue Jays batting - Pitching for Houston Astros : RHP Juan Bernard
|
|
Pitching: RHP Jon Steele
|
|
|
Now at 3B: Dave Benson
|
|
|
Now in RF: Jonathan Jacobson
|
|
|
Batting: RHB Josh Morgan
|
0-0: Ball 1-0: Foul Ball, location: 2F 1-1: Called Strike 1-2: Ball 2-2: Foul Ball, location: 3F 2-2: SINGLE (Groundball, 4MD, EV 101.9 MPH)
|
|
Pinch Hitting: LHB Dan Prince
|
0-0: Called Strike Josh Morgan steals 2nd base 0-1: Foul Ball, location: 5FF 0-2: Ball 1-2: Ball 2-2: Foul Ball, location: 3FF 2-2: Ball 3-2: Fly out, F7 (Flyball, 7, EV 89.4 MPH)
|
|
Batting: RHB Gabriel Guerrero
|
0-0: Called Strike 0-1: Ball 1-1: Ball 2-1: Fly out, F3 (Popup, 3F, EV 77.5 MPH)
|
|
Batting: SHB Erick Castillo
|
0-0: Foul Ball, location: 7LSF 0-1: Ball 1-1: Ball 2-1: Ground out 4-3 (Groundball, 34, EV 80.0 MPH)
|
| Top of the 7th over - 0 runs, 1 hit, 0 errors, 1 left on base; Toronto 2 - Houston 2 |
| BOTTOM OF THE 7TH |
|
Houston Astros batting - Pitching for Toronto Blue Jays : RHP Chris Mason
|
|
Pitching: RHP Trevor Rosenthal
|
|
|
Now in CF: Gabriel Guerrero
|
|
|
Now in RF: Dan Prince
|
|
|
Batting: RHB Tyrone Ibarra
|
0-0: Foul Ball, location: 9LSF 0-1: Ball 1-1: Swinging Strike 1-2: Ball 2-2: Foul Ball, location: 2F 2-2: Ground out 5-3 (Groundball, 5L, EV 86.3 MPH)
|
|
Batting: LHB Steve Walker
|
0-0: Ball 1-0: Swinging Strike 1-1: Foul Ball, location: 7LDF 1-2: Ground out 4-3 (Groundball, 4, EV 85.0 MPH)
|
|
Pinch Hitting: RHB Jimmy Hanna
|
0-0: Foul Ball, location: 2F 0-1: Swinging Strike 0-2: Ball 1-2: Strikes out swinging
|
| Bottom of the 7th over - 0 runs, 0 hits, 0 errors, 0 left on base; Toronto 2 - Houston 2 |
| TOP OF THE 8TH |
|
Toronto Blue Jays batting - Pitching for Houston Astros : RHP Jon Steele
|
|
Pitching: RHP Don Dillon
|
|
|
Now in LF: Jimmy Hanna
|
|
|
Batting: RHB Darrell Hall
|
0-0: Fly out, F6 (Popup, 15S, EV 83.8 MPH)
|
|
Batting: LHB Álex Guiñónes
|
0-0: Called Strike 0-1: Called Strike 0-2: Ground out 6-3 (Groundball, 6, EV 85.0 MPH)
|
|
Batting: RHB Jonathan Fremlin
|
0-0: Called Strike 0-1: Foul Ball, location: 2RF 0-2: Strikes out looking
|
| Top of the 8th over - 0 runs, 0 hits, 0 errors, 0 left on base; Toronto 2 - Houston 2 |
| BOTTOM OF THE 8TH |
|
Houston Astros batting - Pitching for Toronto Blue Jays : RHP Trevor Rosenthal
|
|
Pitching: RHP José Valenzuela
|
|
|
Batting: RHB Josh Damron
|
0-0: Called Strike 0-1: Ball 1-1: Ball 2-1: Swinging Strike 2-2: Ball 3-2: SINGLE (Flyball, 78S, EV 98.8 MPH)
|
|
Batting: RHB Dave Benson
|
|
|
Pinch Hitting: SHB Jorge Gonzáles
|
0-0: Ball 1-0: Fielders Choice at 2nd, 1-6 (Groundball, 34S, EV 68.8 MPH)
|
|
Pinch Hitting: SHB Riley Unroe
|
0-0: SINGLE (Groundball, 4MD, EV 101.3 MPH) Jorge Gonzáles to second
|
|
Batting: LHB Jonathan Jacobson
|
0-0: Swinging Strike 0-1: Ball 1-1: Ball 2-1: Ball 3-1: Called Strike 3-2: Strikes out looking
|
|
Batting: RHB U-suk Ok
|
0-0: Foul Ball, location: 2LF 0-1: Fly out, F8 (Flyball, 8LD, EV 103.8 MPH)
|
| Bottom of the 8th over - 0 runs, 2 hits, 0 errors, 2 left on base; Toronto 2 - Houston 2 |
| TOP OF THE 9TH |
|
Toronto Blue Jays batting - Pitching for Houston Astros : RHP Don Dillon
|
|
Pitching: RHP Lachlan Madden
|
|
|
Now at 2B: Jorge Gonzáles
|
|
|
Now at 3B: U-suk Ok
|
|
|
Now at SS: Riley Unroe
|
|
|
Batting: LHB Nick Gordon
|
0-0: Ball 1-0: Ball 2-0: Ball 3-0: Foul Ball, location: 5F 3-1: Swinging Strike 3-2: Foul Ball, location: 2F 3-2: Foul Ball, location: 2F 3-2: Base on Balls
|
|
Batting: LHB José Ruíz
|
0-0: Ball 1-0: Ball 2-0: SINGLE (Flyball, 5D, EV 85.6 MPH) Nick Gordon to second
|
|
Batting: RHB Josh Morgan
|
0-0: Called Strike 0-1: SINGLE (Line Drive, 3D, EV 94.4 MPH) Nick Gordon to third José Ruíz to second
|
|
Batting: LHB Dan Prince
|
0-0: Ball 1-0: Ball 2-0: Ball 3-0: Called Strike 3-1: Called Strike 3-2: Foul Ball, location: 2F 3-2: Grounds into fielders choice 4-2 (Groundball, 4, EV 86.3 MPH) José Ruíz to third Josh Morgan to second
|
|
Batting: RHB Gabriel Guerrero
|
0-0: Called Strike 0-1: Ball 1-1: Ball 2-1: Ball Wild Pitch! José Ruíz scores Josh Morgan to third Dan Prince to second 3-1: Base on Balls
|
|
Batting: SHB Erick Castillo
|
0-0: Called Strike 0-1: Foul Ball, location: 2F 0-2: Foul Ball, location: 2F 0-2: SINGLE (Groundball, 4MD, EV 106.3 MPH) Josh Morgan scores Dan Prince to third Gabriel Guerrero to second Runner from 3rd tries for Home, SAFE, throw by CF to home
|
|
Batting: RHB Darrell Hall
|
0-0: Called Strike 0-1: Ball 1-1: Ball 2-1: Called Strike 2-2: Fly out, F8 (Flyball, 8RS, EV 86.9 MPH)
|
|
Pitching: RHP Bobby Dailey
|
|
|
Batting: RHB Dave Snyder
|
0-0: Ball 1-0: Ball 2-0: Foul Ball, location: 7LSFF 2-1: Foul Ball, location: 2F 2-2: Fielders Choice at 2nd, U4 (Groundball, 4M, EV 101.9 MPH)
|
| Top of the 9th over - 3 runs, 3 hits, 0 errors, 2 left on base; Toronto 5 - Houston 2 |
| BOTTOM OF THE 9TH |
|
Houston Astros batting - Pitching for Toronto Blue Jays : RHP José Valenzuela
|
|
Pitching: RHP Jerry Ward
|
|
|
Batting: SHB Jeff Lowery
|
0-0: Swinging Strike 0-1: Ground out 6-3 (Groundball, P, EV 85.0 MPH)
|
|
Batting: RHB Tyrone Ibarra
|
0-0: Ball 1-0: Foul Ball, location: 2F 1-1: Ball 2-1: DOUBLE (Line Drive, 89M, EV 111.3 MPH)
|
|
Batting: LHB Steve Walker
|
0-0: Ball Wild Pitch! Tyrone Ibarra to third 1-0: Ball 2-0: Called Strike 2-1: Ball 3-1: Fly out, F7 (Flyball, 7LM, EV 78.8 MPH) Runner from 3rd tags up, SCORES, no throw by LF
|
|
Pinch Hitting: LHB Bob Petersen
|
0-0: Fly out, F7 (Line Drive, 7, EV 93.1 MPH)
|
| Bottom of the 9th over - 1 run, 1 hit, 0 errors, 0 left on base; Toronto 5 - Houston 3 |
|